 Dungeon Crawl Stone Soup version 0.25-a0-523-g9afb2ee040 (webtiles) character file.

Game seed: 17154883257503948599, levelgen mode: classic

20704 EnegeticOcto the Cleaver (level 12, 81/116 HPs)
             Began as a Deep Dwarf Fighter on Feb 18, 2020.
             Was a High Priest of Makhleb.
             Quit the game on level 13 of the Dungeon.
             The game lasted 00:07:31 (8052 turns).

EnegeticOcto the Cleaver (Deep Dwarf Fighter)       Turns: 8052, Time: 00:07:31

Health: 81/116     AC: 19    Str: 24    XL:     12   Next: 47%
Magic:  7/7        EV:  7    Int: 10    God:    Makhleb [*****.]
Gold:   519        SH: 11    Dex: 12    Spells: 11/11 levels left

rFire    . . .     SeeInvis .   a - +1 war axe
rCold    + . .     Gourm    .   c - +0 kite shield
rNeg     . . .     Faith    .   A - +0 plate armour
rPois    .         Spirit   .   I - +2 helmet
rElec    .         Reflect  .   w - +1 cloak
rCorr    .         Harm     .   x - +0 pair of gloves
MR       +....                  (no boots)
Stlth    ..........             (no amulet)
HPRegen  0.00/turn              o - ring of protection from cold
MPRegen  0.10/turn              (no ring)

@: non-regenerating, heavily drained
A: damage resistance, heal wounds, sense surroundings 2, no regeneration
a: Heal Wounds, Minor Destruction, Lesser Servant of Makhleb, Major Destruction,
Greater Servant of Makhleb, Renounce Religion


You were on level 13 of the Dungeon.
You worshipped Makhleb.
Makhleb was extremely pleased with you.
You were not hungry.

You visited 2 branches of the dungeon, and saw 14 of its levels.
You also visited: Sewer.

You collected 637 gold pieces.
You spent 118 gold pieces at shops.

Inventory:

Hand Weapons
 a - a +1 war axe (weapon)
Armour
 c - a +0 kite shield (worn)
 h - a +0 helmet
 w - a +1 cloak (worn)
 x - a +0 pair of gloves (worn)
 A - a +0 plate armour (worn)
 F - +0 ice dragon scales
 I - a +2 helmet (worn)
Jewellery
 o - a ring of protection from cold (left hand)
Wands
 s - a wand of flame (8)
 v - a wand of enslavement (5)
 y - a wand of digging (10) {@V2}
 H - a wand of polymorph (7)
Scrolls
 d - 3 scrolls of teleportation {@r2}
 g - 2 scrolls of remove curse {@r6}
 i - 2 scrolls of fog
 q - 2 scrolls of immolation {@r4}
 r - a scroll of enchant weapon
 u - 4 scrolls of enchant armour
 G - 2 scrolls of magic mapping {@r5}
Potions
 b - a potion of ambrosia {unknown}
 f - 3 potions of degeneration
 j - 6 potions of curing {@q1}
 k - 2 potions of might {@q3}
 l - 2 potions of mutation
 n - 2 potions of haste {@q4}
 p - a potion of invisibility
 z - 3 potions of brilliance
 B - 2 potions of heal wounds {@q2}
 C - a potion of cancellation {unknown}
 D - a potion of magic {unknown}
 J - a potion of flight {unknown}
 M - a potion of lignification {@q7}
 N - a potion of berserk rage
Comestibles
 e - 7 rations
 t - a chunk of flesh


   Skills:
 * Level 10.2(7.4) Fighting
 * Level 11.8(8.9) Axes
 + Level 9.0(6.3) Armour
 + Level 7.9(5.3) Dodging
 + Level 8.9(6.2) Shields
 + Level 9.1(6.4) Invocations


You had 11 spell levels left.
You didn't know any spells.
Your spell library contained the following spells:

 Spells                   Type           Power        Failure   Level  Hunger
 Magic Dart               Conj           #...         100%        1    ##.....
 Shock                    Conj/Air       #...         100%        1    ##.....
 Summon Small Mammal      Summ           #...         100%        1    ##.....
 Blink                    Tloc           N/A          100%        2    ###....
 Call Imp                 Summ           #.......     100%        2    ###....
 Slow                     Hex            #.......     100%        2    ###....
 Swiftness                Chrm/Air       #.......     100%        2    ###....
 Call Canine Familiar     Summ           #.......     100%        3    ####...
 Confusing Touch          Hex            #.......     100%        3    ####...
 Conjure Flame            Conj/Fire      #.......     100%        3    ####...
 Gell's Gravitas          Tloc           #.........   100%        3    ####...
 Mephitic Cloud           Conj/Pois/Air  #.......     100%        3    ####...
 Static Discharge         Conj/Air       #.......     100%        3    ####...
 Summon Guardian Golem    Hex/Summ       #.......     100%        3    ####...
 Airstrike                Air            #.........   100%        4    #####..
 Petrify                  Tmut/Erth      #.......     100%        4    #####..
 Summon Ice Beast         Ice/Summ       #.......     100%        4    #####..
 Summon Lightning Spire   Summ/Air       #.......     100%        4    #####..
 Lightning Bolt           Conj/Air       #.........   100%        5    ######.
 Metabolic Englaciation   Hex/Ice        #.........   100%        5    ######.
 Yara's Violent Unravell  Hex/Tmut       #.........   100%        5    ######.


Dungeon Overview and Level Annotations

Branches:
Dungeon (13/15)            Temple (1/1) D:5            Lair (0/6) D:9
    Orc (0/2) D:12          Sewer (visited)
 Vaults: D:13-14

Altars:
Cheibriados
Elyvilon
Fedhas
Gozag
Hepliaklqana
Makhleb
Nemelex Xobeh
Okawaru
Qazlal
Ru
Sif Muna
Trog
Uskayaw
Vehumet
Wu Jian
Zin
The Shining One

Shops:
D:9 *

Portals:
Trove: D:12 (give 3 potions of resistance)

Annotations:
D:4 2 transporters, mopl's ghost, amateur MiHu
D:8 3 runed translucent doors, Enish's ghost, journeyman FoCK


Innate Abilities, Weirdness & Mutations

You are resistant to damage.
You can heal yourself by infusing magical energy.
You passively map the area around you.
You do not regenerate.


Message History

Something hits you!
Evoke which item? (* to show all) (? for menu, Esc to quit)
Aiming: Iceblast
Press: ? - help, Shift-Dir - straight line, f - centaur warrior skeleton
Aim: a centaur warrior skeleton (almost destroyed, summoned)
The mass of ice explodes!
The iceblast engulfs something!!
The iceblast engulfs the centaur warrior skeleton!
The centaur warrior skeleton partially resists.
You destroy the centaur warrior skeleton!
The iceblast engulfs you.
The iceblast engulfs something.
The iceblast engulfs the wraith.
The wraith partially resists.
The wraith is severely damaged.
The iceblast engulfs something!
Something hits you but does no damage. Something bites you but does no damage.
Something hits you but does no damage. You block something's attack.
The wraith hits you but does no damage. Something hits you.
Something hits you but does no damage. Something bites you but does no damage.
What are your orders? t - Shout!
Orders for allies: a - Attack new target. r - Retreat! s - Stop attacking. g - Guard the area. f - Follow me.
Anything else - Cancel.
Okay, then.
Evoke which item? (* to show all) (? for menu, Esc to quit)
Aiming: Iceblast
Press: ? - help, Shift-Dir - straight line The mass of ice explodes!
The iceblast engulfs something!!
Reactivating autopickup.
The iceblast engulfs you! You partially resist.
The iceblast engulfs something.
The iceblast engulfs the wraith.
The wraith is severely damaged.
The iceblast engulfs something but does no damage.
The now-empty wand crumbles to dust.
Unholy energy fills the air.
You block the wraith's attack. Something hits you but does no damage.
Deactivating autopickup; reactivate with Ctrl-A.
Something bites you but does no damage. Something hits you but does no damage.
Something bites you but does no damage.
The wraith barely misses you. (Key replay stole keys) No previous command to re-do.
No previous command to re-do.
No previous command to re-do.
No previous command to re-do.
Something hits you. Something bites you.
Something draws strength from your injuries!
Something hits you. Something bites you but does no damage.
There is an open door here.
Reactivating autopickup.
The wraith hits you! You block the wraith's attack.
You hit the wraith but do no damage.
The wraith is severely damaged.
The wraith disappears in a puff of smoke!
Deactivating autopickup; reactivate with Ctrl-A.
You hit something but do no damage. You block something's attack.
Something bites you but does no damage. Something hits you but does no damage.
Something bites you but does no damage.
You closely miss something.
You hear some strange, mumbled words.
A bolt of negative energy appears from out of thin air!
The bolt of negative energy hits you!!
You feel drained.
* * * LOW HITPOINT WARNING * * *
You hit something but do no damage. Something hits you!
* * * LOW HITPOINT WARNING * * *
Something bites you but does no damage. Something hits you.
* * * LOW HITPOINT WARNING * * *
Something bites you!
* * * LOW HITPOINT WARNING * * *
Something draws strength from your injuries!
You feel much better. Something hits you but does no damage.
Something bites you but does no damage.
You hit something. Something hits you!
* * * LOW HITPOINT WARNING * * *
Something bites you but does no damage. You block something's attack.
Something bites you.
Something draws strength from your injuries!
You hit something but do no damage.
You hear some strange, mumbled words.
A bolt of negative energy appears from out of thin air!
The bolt of negative energy hits you!
You feel drained.
* * * LOW HITPOINT WARNING * * *
You feel much better.
You hear some strange, mumbled words.
A bolt of negative energy appears from out of thin air!
The bolt of negative energy hits you!!
You feel drained.
* * * LOW HITPOINT WARNING * * *
Something hits you but does no damage. You block something's attack.
You slash something!
You hear some strange, mumbled words.
You feel much better. Something hits you but does no damage.
Something bites you but does no damage. You block the flying skull's attack.
Something hits you but does no damage. Something bites you but does no damage.
The flying skull hits you but does no damage.
Your magical essence is drained by the effort!
You feel much better.
You feel yourself speed up. You block the flying skull's attack.
Something hits you. Something bites you but does no damage.
You block the flying skull's attack.
Okay, then.
Are you sure you want to abandon this character and quit the game? (Confirm with "yes".)

.###))....................#
.# #########.........####.#
##:#:#.#?#:#*#######.# #.#
##.........# #.# #.#
##.........# #.# #.#
.#.........# ###.####.#
.#.........### #.....##.#
.#.........'.#####.###.##.#
.#.........#.Vz{@z.# #....#
.#.........#######.###...##
.#.........# #..........#
##.........# #.#######..#
#:#?#?#?#?# #.# #..#
##############.# #..#
#.#.........# #..#
#.#..#####..### #..# #.#..#
#....#####..#


You could see a vampire, a flying skull and a wight.

Vanquished Creatures
  Fannar (D:12)
  A hydra (D:12)
  5 two-headed ogres
  2 centaur warriors (D:13)
  An unseen horror (D:11)
  A moth of wrath (shapeshifter) (D:13)
  2 cyclopes
  4 ugly things
  A komodo dragon (D:13)
  A troll (D:13)
  2 wraiths
  A spriggan (D:8)
  A shadow (D:11)
  5 yaks (D:9)
  A basilisk (D:12)
  2 hungry ghosts
  2 wargs (D:12)
  8 vampire mosquitoes (D:12)
  4 porcupines (D:9)
  A water moccasin (D:10)
  3 sky beasts
  A necrophage (D:10)
  11 orc warriors
  4 ice beasts
  2 eyes of draining
  3 black bears
  2 ogres
  10 centaurs
  A hornet zombie (D:12)
  2 phantoms
  A big kobold (D:11)
  A wyvern zombie (D:10)
  9 bullfrogs
  A water moccasin zombie (D:10)
  2 scorpions
  16 killer bees
  7 wights
  2 howler monkeys
  3 crimson imps
  3 bullfrog zombies (D:11)
  4 centaur zombies
  A jelly (D:10)
  2 quasits
  4 hounds
  A bullfrog skeleton (D:10)
  8 orc priests
  18 orc wizards
  3 centaur skeletons
  5 iguanas
  Ijyb (D:5)
  11 worker ants
  A hound skeleton (D:10)
  A hound zombie (D:7)
  4 gnolls (D:4)
  8 adders
  4 shadow imps
  An ooze (D:3)
  An adder zombie (D:9)
  An adder skeleton (D:4)
  A dart slug (D:3)
  2 worms
  9 leopard geckos
  62 orcs
  6 giant cockroaches
  5 goblins
  3 hobgoblins
  17 jackals
  4 quokkas
  2 ball pythons
  2 bats (D:1)
  8 frilled lizards
  15 kobolds
  A leopard gecko skeleton (D:6)
  A quokka skeleton (D:5)
  A rat (D:1)
  3 fungi (D:9)
  3 plants
354 creatures vanquished.

Vanquished Creatures (others)
  3 fungi (D:9)
  5 plants
8 creatures vanquished.

Grand Total: 362 creatures vanquished

Notes
Turn   | Place    | Note
-------+----------+-------------------------------------------
     0 | D:1      | EnegeticOcto the Deep Dwarf Fighter began the quest for the
                  | Orb.
     0 | D:1      | Reached XP level 1. HP: 20/20 MP: 1/1
   108 | D:1      | Reached XP level 2. HP: 27/27 MP: 2/2
   327 | D:2      | Reached XP level 3. HP: 34/34 MP: 3/3
   402 | D:2      | Reached skill level 1 in Dodging
   424 | D:3      | Reached skill level 3 in Axes
   459 | D:4      | Reached XP level 4. HP: 35/42 MP: 4/4
   468 | D:4      | Reached XP level 5. HP: 22/50 MP: 5/5
   692 | D:4      | Reached skill level 4 in Axes
   701 | D:4      | Reached XP level 6. HP: 38/57 MP: 6/6
   819 | D:4      | Found a transporter.
   957 | D:4      | Noticed mopl's ghost (amateur MiHu)
   966 | D:4      | Found a transporter.
  1311 | D:5      | Entered Level 5 of the Dungeon
  1315 | D:5      | Noticed Ijyb
  1330 | D:5      | Killed Ijyb
  1353 | D:5      | Found a glowing drain.
  1377 | Sewer    | Entered a sewer
  1705 | Sewer    | Reached XP level 7. HP: 49/66 MP: 7/7
  2189 | D:5      | Found a staircase to the Ecumenical Temple.
  2338 | Temple   | Entered the Ecumenical Temple
  2361 | Temple   | Became a worshipper of Makhleb the Destroyer
  2976 | D:6      | Found a sacrificial altar of Ru.
  3118 | D:6      | Reached skill level 5 in Axes
  3118 | D:6      | Reached skill level 1 in Invocations
  3223 | D:6      | Reached skill level 5 in Fighting
  3581 | D:7      | Reached skill level 5 in Shields
  3581 | D:7      | Reached XP level 8. HP: 45/74 MP: 9/9
  3629 | D:7      | Reached skill level 5 in Armour
  3845 | D:7      | Reached * piety under Makhleb
  3845 | D:7      | Reached skill level 6 in Axes
  4055 | D:8      | Found a runed translucent gate.
  4055 | D:8      | Found a runed translucent gate.
  4055 | D:8      | Noticed an 11-headed hydra
  4095 | D:8      | Noticed a ten-headed hydra
  4097 | D:8      | Noticed Enish's ghost (journeyman FoCK)
  4098 | D:8      | Found a runed translucent gate.
  4222 | D:8      | Noticed a two-headed ogre
  4242 | D:8      | Killed a two-headed ogre
  4242 | D:8      | Reached skill level 7 in Axes
  4242 | D:8      | Gained mutation: You passively map the area around you.
                  | [Deep Dwarf growth]
  4242 | D:8      | Reached XP level 9. HP: 56/85 MP: 8/10
  4418 | D:8      | Noticed a two-headed ogre
  4440 | D:8      | Killed a two-headed ogre
  4440 | D:8      | Reached skill level 8 in Axes
  4440 | D:8      | Reached skill level 5 in Dodging
  4440 | D:8      | Reached skill level 5 in Invocations
  4878 | D:8      | Found a sacrificial altar of Ru.
  4981 | D:9      | Found a staircase to the Lair.
  4992 | D:9      | Reached ** piety under Makhleb
  4997 | D:9      | Reached XP level 10. HP: 70/94 MP: 9/9
  5101 | D:9      | Found Quwor's Assorted Antiques.
  5111 | D:9      | Bought a large diamond ring for 100 gold pieces
  5111 | D:9      | Bought a lumpy inky potion for 18 gold pieces
  5238 | D:9      | Reached skill level 9 in Axes
  5240 | D:9      | Reached *** piety under Makhleb
  5696 | D:10     | Entered Level 10 of the Dungeon
  6373 | D:11     | Reached XP level 11. HP: 84/104 MP: 10/10
  6453 | D:11     | Noticed a white ugly thing
  6476 | D:11     | Reached **** piety under Makhleb
  6477 | D:11     | Killed a white ugly thing
  6484 | D:11     | Killed an unseen horror
  6484 | D:11     | Reached skill level 10 in Axes
  6708 | D:11     | Noticed a two-headed ogre
  6724 | D:11     | Killed a two-headed ogre
  7013 | D:12     | Noticed a cyan ugly thing
  7031 | D:12     | Killed a cyan ugly thing
  7081 | D:12     | Noticed a two-headed ogre
  7102 | D:12     | Reached ***** piety under Makhleb
  7131 | D:12     | Killed a two-headed ogre
  7263 | D:12     | Found a portal to a secret trove of treasure.
  7280 | D:12     | Reached skill level 11 in Axes
  7336 | D:12     | Noticed Fannar
  7336 | D:12     | Noticed a five-headed hydra
  7356 | D:12     | Killed Fannar
  7358 | D:12     | Killed a five-headed hydra
  7358 | D:12     | Reached XP level 12. HP: 116/116 MP: 10/10
  7500 | D:12     | Found a staircase to the Orcish Mines.
  7693 | D:13     | Noticed a two-headed ogre
  7704 | D:13     | Killed a two-headed ogre
  7712 | D:13     | Noticed a centaur warrior
  7716 | D:13     | Noticed a centaur warrior
  7718 | D:13     | Killed a centaur warrior
  7718 | D:13     | Reached skill level 10 in Fighting
  7733 | D:13     | Killed a centaur warrior
  7997 | D:13     | Noticed a vampire mage
  8052 | D:13     | Quit the game

Levels and vault maps discovered:
D:1:      lightli_arrival_lavapool, layout_loops_ring
D:2:      layout_basic
D:3:      layout_loops_ring, nicolae_ru_the_path_less_chosen, uniq_robin
D:4:      layout_gridville, gammafunk_ghost_stat_death, first_ration
D:5:      layout_gridville, minmay_temple_entry_drinking_statues,
          portal_sewer_entry_f, uniq_ijyb
D:6:      layout_basic, basic_altar, st_stairs_7, kennysheep_opposing_triangles
D:7:      layout_basic
D:8:      layout_basic, lemuel_round_altar, gammafunk_ghost_hydra_chop,
          grunt_pizzeria
D:9:      layout_cave_pools, due_lair_maze_entry_diamond, serial_shops, shop
D:10:     layout_roguey
D:11:     layout_rooms, serial_corexii_hall, chequers_hall_statues_corner_a,
          corexii_hall_statues_t
D:12:     layout_roguey, david_orc_3, enter_trove_2, minmay_lizard_king,
          uniq_fannar
D:13:     layout_loops_ring, minmay_librarian
Temple:   nicolae_temple_the_god_donut

Skill      XL: |  1  2  3  4  5  6  7  8  9 10 11 12 |
---------------+-------------------------------------+-----
Fighting       | 3 4 5 6 7 8 9 10 | 10.2
Dodging        | 1 2 3 4 5 6 7 |  7.9
Axes           | 3 4 5 7 8 9 11 | 11.8
Shields        | 4 5 6 7 8 |  8.9
Armour         | 4 5 6 7 8 9 |  9.0
Invocations    | 2 4 5 6 8 9 |  9.1

Action                   |  1- 3 |  4- 6 |  7- 9 | 10-12 || total
-------------------------+-------+-------+-------+-------++-------
Melee: War axe           |    88 |   188 |   352 |   770 ||  1398
 Abil: Heal Wounds       |     2 |     4 |    17 |    32 ||    55
Evoke: Wand              |       |       |       |    15 ||    15
  Use: Scroll            |       |       |       |    24 ||    24
  Eat: Chunk             |       |     4 |     7 |    13 ||    24
       Ration            |       |       |     1 |     3 ||     4
Armor: Scale mail        |    61 |    43 |       |       ||   104
       Chain mail        |       |    55 |   132 |       ||   187
       Plate armour      |       |       |   108 |   749 ||   857
Dodge: Dodged            |    27 |    58 |   123 |   328 ||   536
Block: Kite shield       |    60 |   124 |   226 |   655 ||  1065

Table legend:
 A = Non-vault XP
 B = Vault XP
 C = Vault XP percentage of total XP
 D = Non-vault monster count
 E = Vault monster count
 F = Vault count percentage of total count
                 A         B        C        D         E       F
            +---------+---------+-------+---------+---------+-------
      Total |   26215 |    3363 |  11.4 |     299 |      49 |  14.1
            +---------+---------+-------+---------+---------+-------
        D:1 |      14 |       0 |   0.0 |       9 |       0 |   0.0
        D:2 |      43 |       0 |   0.0 |      10 |       0 |   0.0
        D:3 |      33 |       0 |   0.0 |      11 |       0 |   0.0
        D:4 |     533 |       0 |   0.0 |      43 |       0 |   0.0
        D:5 |      51 |      50 |  49.5 |       3 |       6 |  66.7
        D:6 |     173 |     215 |  55.4 |       9 |       4 |  30.8
        D:7 |     833 |       0 |   0.0 |      14 |       0 |   0.0
        D:8 |    3146 |     215 |   6.4 |      31 |       1 |   3.1
        D:9 |    2868 |     953 |  24.9 |      46 |       8 |  14.8
       D:10 |    1462 |       0 |   0.0 |      26 |       0 |   0.0
       D:11 |    4760 |       0 |   0.0 |      37 |       0 |   0.0
       D:12 |    6791 |    1903 |  21.9 |      39 |      11 |  22.0
       D:13 |    5508 |       0 |   0.0 |      21 |       0 |   0.0
      Sewer |       0 |      27 | 100.0 |       0 |      19 | 100.0
            +---------+---------+-------+---------+---------+-------
